Map: Orbital Shipyard

Players

SolaCe (Nina) - Winner!

  • Race: Protoss Protoss
  • League: Master

dipwood

  • Race: Protoss Protoss
  • League: Master

Event: ASL Season 5 Prime League LOTV Beta

VOD

Have the link to the VOD?

Description

Time

  • Played on: Sept. 10, 2015, 9:54 p.m.
  • Length: 12:24

All games in this series

Show
View Real Time Build Order
Export as new Build Order

SolaCe Protoss - Winner!

Build Orders: Oracle Opening 

Get SALT Encoding   

  12  0:01  Probe (Chrono Boost)  
  13  0:11  Probe (Chrono Boost)  
  14  0:18  Pylon  
  14  0:21  Probe (Chrono Boost)  
  15  0:35  Probe (Chrono Boost)  
  15  0:37  Gateway  
  16  0:46  Probe (Chrono Boost)  
  16  0:49  Assimilator  
  17  0:54  Assimilator  
  17  0:56  Probe (Chrono Boost)  
  18  1:05  Gateway  
  18  1:06  Probe (Chrono Boost)  
  19  1:16  Probe (Chrono Boost)  
  20  1:27  Cybernetics Core  
  20  1:28  Probe (Chrono Boost)  
  21  1:38  Probe (Chrono Boost)  
  22  1:43  Pylon  
  22  1:48  Probe (Chrono Boost)  
  23  2:03  Mothership Core (Chrono Boost)  
  23  2:04  Stalker x2  
  29  2:09  Pylon  
  29  2:10  Warp Gate (Chrono Boost)  
  29  2:21  Probe (Chrono Boost)  
  30  2:39  Stargate  
  30  2:49  Nexus  
  30  2:58  Probe  
  28  3:12  Probe  
  28  3:25  Probe  
  29  3:33  Pylon  
  29  3:37  Probe  
  29  3:38  Oracle (Chrono Boost)  
  32  3:49  Probe  
  32  3:52  Pylon  
  33  3:57  Robotics Facility  
  33  4:01  Probe x2  
  35  4:10  Sentry  
  35  4:11  Probe  
  35  4:13  Probe  
  39  4:21  Probe  
  40  4:25  Probe  
  38  4:31  Probe  
  38  4:35  Pylon  
  38  4:37  Probe  
  40  4:39  Twilight Council  
  42  4:47  Probe, Immortal (Chrono Boost)  
  42  4:49  Probe  
  45  4:56  Stalker  
  45  4:57  Probe  
  48  5:03  Adept  
  50  5:13  Pylon  
  50  5:20  Probe  
  48  5:22  Probe, Immortal (Chrono Boost)  
  48  5:24  Pylon  
  48  5:28  Adept  
  56  5:30  Probe  
  57  5:35  Probe  
  57  5:40  Probe, Adept, Assimilator  
  61  5:47  Assimilator  
  61  5:50  Gateway  
  61  5:52  Probe  
  61  5:55  Adept  
  62  6:04  Adept  
  62  6:05  Probe  
  62  6:06  Probe  
  65  6:15  Mothership Core  
  65  6:18  Probe  
  63  6:21  Adept  
  66  6:30  Probe  
  66  6:34  Probe  
  66  6:38  Warp Prism (Chrono Boost)  
  68  6:42  Probe  
  68  6:44  Probe  
  70  6:52  Charge  
  70  6:54  Probe (Chrono Boost)  
  70  6:55  Probe (Chrono Boost), Nexus  
  70  6:58  Pylon  
  72  7:05  Probe (Chrono Boost)  
  72  7:06  Probe (Chrono Boost)  
  74  7:09  Forge  
  74  7:11  Observer  
  75  7:15  Probe (Chrono Boost)  
  75  7:16  Probe (Chrono Boost)  
  75  7:19  Pylon  
  77  7:25  Probe (Chrono Boost), Robotics Bay  
  77  7:26  Probe (Chrono Boost)  
  79  7:33  Pylon  
  79  7:35  Probe (Chrono Boost)  
  79  7:36  Probe (Chrono Boost)  
  81  7:43  Stalker x2  
  85  7:45  Stalker, Probe (Chrono Boost)  
  85  7:46  Probe (Chrono Boost)  
  85  7:50  Protoss Ground Weapons Level 1  
  89  7:54  Oracle (Chrono Boost)  
  89  7:56  Probe x2 (Chrono Boost)  
  94  8:08  Probe x3  
  97  8:17  Assimilator  
  97  8:18  Probe x2  
  97  8:19  Assimilator  
  97  8:20  Probe  
  100  8:28  Templar Archives, Probe x2  
  100  8:30  Stalker x2  
  100  8:32  Probe  
  107  8:38  Probe x2  
  109  8:44  Adept  
  109  8:47  Probe  
  109  8:50  Probe x2  
  109  9:00  Probe x2  
  109  9:01  Blink  
  112  9:05  Stalker  
  112  9:06  Stalker x2  
  117  9:21  Psionic Storm  
  117  9:26  Gateway  
  117  9:27  Gateway  
  117  9:29  Gateway  
  117  9:35  Probe  
  118  9:42  Stalker x3  
  121  9:46  Protoss Shields Level 1 (Chrono Boost)  
  121  9:51  Gateway  
  121  9:52  Gateway  
  121  9:53  Nexus  
  121  9:54  Pylon  
  121  9:56  Pylon  
  121  9:57  Pylon  
  121  10:05  Pylon  
  121  10:11  Pylon  
  121  10:16  High Templar x3  
  121  10:21  Photon Cannon  
  127  10:22  Observer (Chrono Boost)  
  128  10:32  Pylon  
  128  10:33  Pylon  
  128  10:37  High Templar  
  128  10:38  Stalker x2  
  134  10:44  Warp Prism (Chrono Boost)  
  134  10:46  Assimilator  
  134  10:49  Stalker x2  
  138  10:50  Stalker x3  
  138  10:52  Assimilator  
  138  10:54  Photon Cannon  
  144  11:02  Photon Cannon  
  144  11:13  High Templar  
  144  11:14  High Templar  
  144  11:15  Stalker x5  
  158  11:22  Probe, Adept  
  158  11:24  Probe  
  159  11:31  Gateway  
  157  11:34  Gateway  
  157  11:36  Probe x2  
  157  11:37  Probe  
  159  11:40  High Templar  
  159  11:41  High Templar  
  159  11:44  Probe, Adept  
  165  11:49  Probe  
  165  11:52  High Templar x2, Archon  
  170  11:55  Archon  
  170  11:57  High Templar x2  
  170  11:59  Probe  
  175  12:02  Pylon, Archon  
  175  12:03  Stalker  
  175  12:04  Pylon  
Show
View Real Time Build Order
Export as new Build Order

dipwood Protoss 

Build Orders: Blink Stalkers 

Get SALT Encoding   

  12  0:00  Probe (Chrono Boost)  
  13  0:10  Probe (Chrono Boost)  
  14  0:18  Pylon  
  14  0:21  Probe (Chrono Boost)  
  15  0:36  Gateway  
  15  0:39  Probe (Chrono Boost)  
  15  0:41  Assimilator  
  16  0:49  Probe (Chrono Boost)  
  17  0:56  Gateway  
  17  1:00  Probe (Chrono Boost)  
  18  1:10  Probe (Chrono Boost)  
  19  1:23  Cybernetics Core  
  19  1:27  Probe (Chrono Boost)  
  19  1:28  Pylon  
  19  1:31  Assimilator  
  20  1:38  Probe (Chrono Boost)  
  21  1:48  Probe (Chrono Boost)  
  22  2:00  Adept x2 (Chrono Boost)  
  28  2:01  Mothership Core  
  28  2:08  Warp Gate (Chrono Boost)  
  28  2:10  Pylon  
  28  2:22  Probe  
  29  2:31  Twilight Council  
  29  2:37  Stalker (Chrono Boost)  
  31  2:45  Stalker  
  31  2:48  Pylon  
  33  3:02  Probe  
  34  3:17  Blink (Chrono Boost)  
  32  3:27  Stalker  
  32  3:33  Gateway  
  34  3:36  Pylon  
  32  3:46  Gateway  
  32  4:00  Stalker  
  34  4:07  Stalker  
  36  4:15  Pylon  
  35  4:28  Stalker  
  37  4:34  Stalker  
  37  4:36  Stalker  
  41  4:41  Stalker  
  43  4:51  Probe  
  44  4:55  Stalker  
  46  5:00  Pylon  
  46  5:03  Stalker x2  
  50  5:09  Pylon  
  50  5:23  Pylon  
  50  5:25  Stalker x2  
  52  5:38  Stalker  
  52  5:41  Stalker  
  34  6:27  Probe  
  31  6:33  Nexus  
  28  6:40  Probe  
  28  6:44  Stargate  
  28  6:45  Stargate  
  28  7:01  Nexus  
  28  7:20  Probe  
  29  7:26  Void Ray (Chrono Boost)  
  33  7:36  Probe  
  38  7:40  Void Ray (Chrono Boost)  
  38  7:44  Probe  
  37  7:58  Probe  
  37  8:00  Probe, Assimilator  
  37  8:04  Assimilator  
  39  8:07  Adept  
  39  8:08  Adept  
  43  8:20  Void Ray (Chrono Boost)  
  43  8:26  Probe  
  47  8:28  Probe x2  
  50  8:59  Void Ray x2 (Chrono Boost)  
  50  9:01  Probe  
  56  9:03  Probe x2  
  57  9:12  Pylon  
  57  9:15  Probe  
  57  9:16  Adept x2  
  62  9:22  Assimilator  
  62  9:29  Pylon  
  62  9:30  Pylon  
  60  9:32  Stalker x2  
  60  9:35  Probe x2  
  60  9:38  Probe  
  61  9:47  Probe x2  
  61  9:48  Probe  
  64  10:00  Fleet Beacon  
  64  10:13  Stalker  
  66  10:14  Stalker  
  66  10:19  Probe  
  66  10:20  Probe x2  
  71  10:26  Carrier (Chrono Boost)  
  71  10:32  Probe  
  71  10:34  Probe x2  
  74  10:43  Probe  
  74  10:46  Probe x2  
  83  10:50  Graviton Catapult  
  83  10:53  Probe  
  94  11:50  Adept x2  
  96  11:57  Stargate  
  96  11:58  Probe  
  96  12:00  Probe x2  
  99  12:04  Assimilator  
  99  12:07  Pylon  
  99  12:10  Stalker x2  
Tags
 
Add a new tag
Caveats
  • Supply blocks, unpowered buildings, or Contaminate may cause inaccurate times.
  • Supply counts are checked every 10 seconds.